 Dungeon Crawl Stone Soup version 0.29-a0-344-ge2f44be95a (webtiles) character file.

Game seed: 11196532655119393195

777 Flugkiller the Skirmisher (level 7, -1/63 HPs)
             Began as a Palentonga Chaos Knight on Apr 22, 2022.
             Was a Plaything of Xom.
             Slain by an ice beast (6 damage)
             ... on level 7 of the Dungeon.
             The game lasted 00:03:31 (2890 turns).

Flugkiller the Skirmisher (Palentonga Chaos Knight) Turns: 2890, Time: 00:03:32

Health: -1/63      AC: 16    Str: 17    XL:     7   Next: 54%
Magic:  7/7        EV:  9    Int: 12    God:    Xom [..*...]
Gold:   279        SH:  0    Dex: 10    Spells: 6/6 levels left

rFire   . . .      SeeInvis +   p - +2 war axe (elec)
rCold   . . .      Faith    .   (no shield)
rNeg    + . .      Spirit   .   b - +2 leather armour
rPois   .          Reflect  .   l - +0 helmet
rElec   .          Harm     .   (no cloak)
rCorr   .          Rampage  .   i - +0 pair of gloves
Will    .....                   (no barding)
Stlth   +.........              (no amulet)
HPRegen 0.20/turn               n - ring of positive energy
MPRegen 0.10/turn               (no ring)

@: curled up
A: large, rugged brown scales 3, see invisible, deformed body, roll 2, armoured
tail, reflexive curl, sense surroundings 1
a: Rolling Charge, Renounce Religion


You were on level 7 of the Dungeon.
You worshipped Xom.
You were a toy of Xom.
You visited 1 branch of the dungeon, and saw 6 of its levels.
You also visited: Sewer.

You collected 279 gold pieces.

Inventory:

Hand Weapons
 a - a +0 hand axe of chaos
 p - a +2 war axe of electrocution (weapon)
   (You found it on level 3 of the Dungeon)
Armour
 b - a +2 leather armour (worn)
 i - a +0 pair of gloves (worn)
   (You found it on level 2 of the Dungeon)
 l - a +0 helmet (worn)
   (You found it on level 3 of the Dungeon)
 t - a +0 kite shield
   (You found it on level 4 of the Dungeon)
Jewellery
 n - a ring of positive energy (left hand)
   (You found it on level 3 of the Dungeon)
Wands
 v - a wand of paralysis (7)
   (You found it on level 7 of the Dungeon)
Scrolls
 d - 5 scrolls of fog {unknown}
 f - a scroll of fear {unknown}
 h - 2 scrolls of identify {unknown}
 k - a scroll of holy word {unknown}
 m - a scroll of vulnerability {unknown}
 o - 2 scrolls of immolation {unknown}
 r - 5 scrolls of teleportation {unknown}
Potions
 e - a potion of lignification {unknown}
 j - a potion of brilliance {unknown}
 q - a potion of curing
 u - a potion of resistance {unknown}
 w - a potion of heal wounds
Miscellaneous
 c - a piece from Xom's chessboard (15/15) (quivered)
 g - a lightning rod (2/4)
   (Xom gifted it to you on level 3 of the Dungeon)


   Skills:
 + Level 6.7 Fighting
 + Level 5.1 Axes
 + Level 3.7 Armour
 - Level 0.7 Dodging


You had 6 spell levels left.
You didn't know any spells.
Your spell library contained the following spells:

 Spells                   Type           Power      Damage    Failure   Level
 Magic Dart               Conj           0%         1d3       36%         1
 Scorch                   Fire           0%         2d5       52%         2
 Searing Ray              Conj           0%         2d4       52%         2
 Flame Wave               Conj/Fire      0%         2d4       98%         4
 Fulminant Prism          Conj/Hex       0%         3d6       98%         4
 Summon Cactus Giant      Summ           0%         N/A       100%        6


Dungeon Overview and Level Annotations

Branches:
Dungeon (7/15)              Sewer (visited)
 Temple: D:4-7

Altars:
Elyvilon


Innate Abilities, Weirdness & Mutations

You are completely covered in rugged brown scales. (AC +3, +7% HP)
You have supernaturally acute eyesight. (SInv)
Armour fits poorly on your strangely shaped body.
You can roll at foes to attack.
You have a long armoured tail.
You curl defensively after being hit. (AC +7*)
You passively map a small area around you.


Message History

The phantom closely misses you.
You slash the phantom! Lightning courses through the phantom!
You destroy the phantom!
No target in view!
You now have 269 gold pieces (gained 14).
You start resting.
An ice beast comes into view.
There is a stone staircase leading up here.
You climb upwards.
Edmund shouts!
You hear a shout!
Found 10 gold pieces and a lumpy red potion.
Found an escape hatch in the ceiling.
There is a stone staircase leading down here.
You see here 10 gold pieces.
You now have 279 gold pieces (gained 10).
There is a stone staircase leading down here.
Edmund hits you but does no damage. You partially resist.
You climb downwards.
There is a stone staircase leading up here.
You slash Edmund!
Edmund is moderately wounded.
You hit the ice beast but do no damage. The ice beast completely misses you.
Edmund closely misses you.
You slash Edmund! You punch Edmund.
Edmund is heavily wounded.
You hit the ice beast. The ice beast misses you.
Edmund hits you with a +2 flail of draining.
You partially resist.
You feel drained.
You hit Edmund.
Edmund is heavily wounded.
You hit the ice beast.
The ice beast hits you but does no damage.
Edmund hits you but does no damage. You partially resist.
You slash Edmund! You tail-slap Edmund, but do no damage.
Edmund is almost dead.
You hit the ice beast.
The ice beast hits you but does no damage.
Edmund hits you with a +2 flail of draining!
You partially resist.
You feel drained. The ice beast hits you. The ice beast freezes you!
Edmund barely misses you.
You are too injured to fight recklessly!
You closely miss Edmund.
Edmund is almost dead.
You hit the ice beast but do no damage. The ice beast barely misses you.
Edmund hits you with a +2 flail of draining.
You partially resist.
You feel drained.
You hit Edmund.
Edmund is almost dead.
You hit the ice beast.
You are now a toy of Xom.
The ice beast hits you. The ice beast freezes you!
* * * LOW HITPOINT WARNING * * *
Edmund hits you with a +2 flail of draining!
* * * LOW HITPOINT WARNING * * *
You partially resist.
You feel drained.
* * * LOW HITPOINT WARNING * * *
Unknown command.
Okay, then.
Blink to where?
Press: ? - help, Dir - move target
As you read the scroll of blinking, it crumbles to dust.
You feel better.
Aiming: Thunderbolt
Press: ? - help, Shift-Dir - straight line, f - Edmund
Aim: Edmund, wielding a +2 flail of draining and wearing a +2 chain mail of positive energy (almost dead)
The thunderbolt hits Edmund!
You kill Edmund!
Your life force feels restored.
Your Axes skill increases to level 5!
Unknown command.
Unknown command.
It was a potion of heal wounds.
You feel much better.
Xom thinks this is hilarious!
w - a potion of heal wounds Roll where?
Press: ? - help, Dir - move target, f - ice beast
Aim: an ice beast (heavily wounded)
You roll forward with a clatter of scales!
You barely miss the ice beast.
The ice beast is heavily wounded.
The ice beast hits you. The ice beast freezes you!
* * * LOW HITPOINT WARNING * * *
The ice beast hits you but does no damage.
Unknown command.
You hit the ice beast.
Your tail-slap misses the ice beast.
The ice beast is heavily wounded.
The ice beast hits you.
* * * LOW HITPOINT WARNING * * *
The ice beast freezes you!
* * * LOW HITPOINT WARNING * * *
Unknown command.
Aiming: Thunderbolt
Press: ? - help, Shift-Dir - straight line, f/p - ice beast
Aim: an ice beast (heavily wounded)
The thunderbolt hits the ice beast.
The ice beast is severely wounded.
The ice beast hits you.
* * * LOW HITPOINT WARNING * * *
The ice beast freezes you.
You die...

#..........#..
,
#..........###
, ,
##...........
, ,
#..........##*
#..<.......# ,
#..).......#
#..........#
#.....Y....#
##.....@..## ,
, ##.....°##
######## , ,


You could see an ice beast.

Vanquished Creatures
  Edmund (D:7)
  An orc warrior (D:4)
  A phantom (D:7)
  A centaur (D:7)
  2 bullfrogs (Sewer)
  A howler monkey (D:7)
  3 gnolls
  6 adders
  A river rat (D:4)
  3 worms
  2 dart slugs
  3 orcs
  14 ball pythons
  17 endoplasms
  13 giant cockroaches
  7 goblins
  7 hobgoblins
  4 jackals (D:2)
  12 quokkas
  5 bats
  8 frilled lizards
  3 kobolds
  7 rats
122 creatures vanquished.

Vanquished Creatures (collateral kills)
  A gnoll (D:4)
  An adder (D:4)
2 creatures vanquished.

Vanquished Creatures (others)
  An adder (D:4)
  A hobgoblin (D:4)
  A kobold (D:4)
  A fungus (D:4)
4 creatures vanquished.

Grand Total: 128 creatures vanquished

Notes
Turn   | Place    | Note
-------+----------+-------------------------------------------
     0 | D:1      | Flugkiller the Palentonga Chaos Knight began the quest for
                  | the Orb.
     0 | D:1      | Reached XP level 1. HP: 19/19 MP: 1/1
    35 | D:1      | XOM: divination: detect creatures
    41 | D:1      | XOM: polymorph frilled lizard -> kobold
    51 | D:1      | Reached XP level 2. HP: 9/26 MP: 2/2
   365 | D:1      | Reached skill level 4 in Fighting
   625 | D:1      | XOM: scenery: summon butterflies
   644 | D:1      | XOM: polymorph butterfly -> bat
   711 | D:1      | Reached XP level 3. HP: 32/32 MP: 3/3
   897 | D:2      | XOM: cloud trail
  1054 | D:2      | Found a faded altar of an unknown god.
  1192 | D:3      | Reached XP level 4. HP: 40/40 MP: 4/4
  1204 | D:3      | Reached skill level 5 in Fighting
  1251 | D:3      | XOM: 2-stop teleportation journey
  1353 | D:3      | XOM: snakes to sticks
  1458 | D:3      | XOM: god gift: 12 stones
  1648 | D:3      | XOM: give mutations
  1648 | D:3      | Gained mutation: You can roll at foes to attack. [Xom's
                  | grace]
  1648 | D:3      | Gained mutation: You passively map a small area around you.
                  | [Xom's grace]
  1675 | D:3      | XOM: god gift: lightning rod (4/4)
  1888 | D:4      | Found a white marble altar of Elyvilon.
  2094 | D:4      | Noticed an orc warrior
  2096 | D:4      | XOM: destruction
  2098 | D:4      | Killed an orc warrior
  2099 | D:4      | Reached XP level 5. HP: 21/48 MP: 5/5
  2106 | D:4      | XOM: summons friendly quasit
  2229 | D:4      | XOM: silly message
  2272 | D:4      | Found a glowing drain.
  2276 | Sewer    | Entered a sewer
  2318 | Sewer    | Reached XP level 6. HP: 42/55 MP: 6/6
  2483 | Sewer    | XOM: 3-stop teleportation journey
  2488 | Sewer    | XOM: enchant monster (good)
  2491 | Sewer    | Reached skill level 6 in Fighting
  2787 | D:4      | You fall into a shaft and drop 3 floors!
  2811 | D:7      | Gained mutation: You curl defensively after being hit. (AC
                  | +7*) [Palentonga growth]
  2811 | D:7      | Reached XP level 7. HP: 34/63 MP: 7/7
  2872 | D:6      | Noticed Edmund
  2883 | D:7      | HP: 2/58 [Edmund/+2 flail of draining (8)]
  2886 | D:7      | Killed Edmund
  2887 | D:7      | Reached skill level 5 in Axes
  2890 | D:7      | Slain by an ice beast

Illustrated notes

Levels and vault maps discovered:
D:1:      amcnicky_arrival_feature_with_door, layout_basic
D:2:      layout_rooms, hellmonk_ecumenical_altar_heavens_door
D:3:      layout_loops_ring
D:4:      layout_loops_ring, elyvilon_altar_1, minmay_temple_entry_poolview,
          gup_sewer_entry_spiral, minmay_circle_x
D:6:      layout_loops_ring, minivault_24, columned_hall_lemuel,
          chequers_hall_statues_y, kennysheep_generic_room_7,
          uniq_prince_ribbit1, uniq_edmund
D:7:      layout_rooms, nicolae_overflow_hidden_temple, serial_shops,
          kennysheep_mini_moat

Skill      XL: |  1  2  3  4  5  6  7 |
---------------+----------------------+-----
Fighting       | 4 5 6 |  6.7
Armour         | 2 3 |  3.7
Axes           | 4 5 |  5.1
Dodging        | |  0.7

Action                   |  1- 3 |  4- 6 |  7- 9 || total
-------------------------+-------+-------+-------++-------
Melee: Hand axe          |   105 |    37 |       ||   142
       Tailslap          |     6 |    12 |     1 ||    19
       War axe           |       |   125 |    13 ||   138
       Punch             |       |     3 |     1 ||     4
 Abil: Rolling Charge    |       |     1 |     2 ||     3
Evoke: Lightning rod     |       |     2 |     2 ||     4
  Use: Potion            |       |     2 |     2 ||     4
       Scroll            |       |       |     1 ||     1
 Stab: Paralysed         |       |     1 |       ||     1
Armor: Leather armour    |    50 |    90 |     7 ||   147
Dodge: Dodged            |    57 |    99 |     8 ||   164

Table legend: (Time is in decaauts)
 A = Elapsed time spent in this place.
 B = Non-inter-level travel time spent in this place.
 C = Inter-level travel time spent in this place.
 D = Time resting spent in this place.
 E = Time spent auto-exploring this place.
 F = Levels seen in this place.
 G = Mean time per level.
                   A        B        C        D        E       F      G
               +--------+--------+--------+--------+--------+-----+--------+
         Total |   3037 |   2880 |    157 |    455 |   1499 |   7 |  433.9 |
       Dungeon |   2511 |   2354 |    157 |    267 |   1396 |   6 |  418.5 |
         Sewer |    525 |    525 |      0 |    188 |    102 |   1 |  525.0 |
               +--------+--------+--------+--------+--------+-----+--------+

Top non-repeatable levels by time:
     D:1: 805 daAuts
     D:3: 667 daAuts
     D:4: 532 daAuts
   Sewer: 525 daAuts
     D:2: 398 daAuts
     D:7: 103 daAuts
     D:6: 4 daAuts
